Map: Estase LE

Players

Vicster

  • Race: Terran Terran
  • League: Gold
  • Spawn Location: 1:00

VOD

Have the link to the VOD?

Description

Time

  • Played on: Jan. 6, 2019, 12:50 p.m.
  • Length: 8:00
Show
View Real Time Build Order
Export as new Build Order

Vicster Terran 

Build Orders:  

Get SALT Encoding   

  12  0:01  SCV  
  13  0:18  SCV  
  14  0:27  Supply Depot  
  14  0:35  SCV  
  15  0:57  SCV  
  16  1:00  Barracks  
  16  1:14  SCV  
  16  1:16  Refinery  
  17  1:31  SCV  
  18  1:48  SCV  
  19  2:26  Marine  
  19  2:29  Command Center  
  20  2:46  SCV  
  21  3:08  Orbital Command  
  20  3:18  Factory  
  20  3:44  SCV  
  21  4:03  Barracks Tech Lab  
  21  4:08  Supply Depot  
  21  4:11  SCV  
  21  4:16  Orbital Command  
  22  4:31  Bunker  
  22  5:17  SCV x2  
  24  5:29  Refinery  
  24  5:34  SCV x2  
  26  5:46  Supply Depot  
  26  5:51  SCV  
  26  5:57  Siege Tank  
  30  6:03  SCV  
  30  6:08  SCV  
  32  6:16  Command Center  
  32  6:20  SCV  
  32  6:25  SCV  
  34  6:37  SCV  
  35  6:42  SCV  
  36  6:52  Supply Depot  
  36  6:59  SCV x2  
  38  7:13  Siege Tank  
  38  7:16  SCV x2  
  43  7:29  Supply Depot  
  43  7:33  SCV  
Tags
 
League
Gold
Matchup
Co-op
Replay Pack
Vicster replay
Add a new tag
Caveats
  • Supply blocks, unpowered buildings, or Contaminate may cause inaccurate times.
  • Supply counts are checked every 10 seconds.